 Dungeon Crawl Stone Soup version 0.23-a0-417-gf02c810 (webtiles) character file.

266 Agosen the Poker (level 6, 0/47 HPs)
             Began as a Demonspawn Berserker on Nov 10, 2018.
             Was a Believer of Trog.
             Succumbed to an orc wizard's poison
             ... on level 4 of the Dungeon.
             The game lasted 00:07:49 (3337 turns).

Agosen the Poker (Demonspawn Berserker)             Turns: 3337, Time: 00:07:50

Health: 0/47       AC: 12    Str: 24    XL:     6   Next: 0%
Magic:  6/6        EV: 13    Int: 12    God:    Trog [**....]
Gold:   154        SH:  0    Dex: 17    Spells: 5/5 levels left

rFire    + + .     SeeInvis .   a - +0 spear
rCold    + . .     Gourm    .   (no shield)
rNeg     . . .     Faith    .   m - +0 plate armour
rPois    +         Spirit   .   (helmet restricted)
rElec    +         Reflect  .   g - +0 cloak
rCorr    +         Harm     .   (no gloves)
MR       .....                  (no boots)
Stlth    ..........             (no amulet)
HPRegen  0.15/turn              e - ring of protection from fire
MPRegen  0.10/turn              o - +3 ring of intelligence

@: mighty, agile, lethally poisoned (0 -> -10), resistant, slowed, very slow
A: horns 2, demonic guardian 1
a: Berserk, Trog's Hand, Renounce Religion


You were on level 4 of the Dungeon.
You worshipped Trog.
Trog was pleased with you.
You were not hungry.

You visited 1 branch of the dungeon, and saw 4 of its levels.

You collected 154 gold pieces.

Inventory:

Hand Weapons
 a - a +0 spear (weapon)
Armour
 b - a +0 animal skin
 f - a +0 ring mail
 g - a +0 cloak (worn)
 m - a +0 plate armour (worn)
 n - a +0 helmet
Jewellery
 e - a ring of protection from fire (left hand)
 o - a +3 ring of intelligence (right hand)
Wands
 k - a wand of flame (15)
Scrolls
 d - 3 scrolls of identify {unknown}
 i - 4 scrolls of remove curse {unknown}
 j - a scroll of enchant armour {unknown}
 q - a scroll of enchant weapon {unknown}
Potions
 l - a potion of might
Comestibles
 c - 5 rations


   Skills:
 - Level 3.2 Fighting
 + Level 4.1 Polearms
 * Level 3.8 Armour
 * Level 2.9 Dodging
 + Level 0.3 Stealth


You had 5 spell levels left.
You didn't know any spells.
Your spell library was empty.

Dungeon Overview and Level Annotations

Branches:
Dungeon (4/15)
 Temple: D:4-7

Altars:
Fedhas
Gozag
Kikubaaqudgha
Makhleb
Sif Muna
Trog
Uskayaw

Annotations:
D:4 3 runed doors, PeterLawrence's ghost, novice MiFi


Innate Abilities, Weirdness & Mutations

You have a pair of horns on your head.
A weak demonic guardian rushes to your aid.


Message History

* * * LOW HITPOINT WARNING * * *
You feel very sick.
It was a potion of might.
You feel very mighty all of a sudden.
* * * LOW HITPOINT WARNING * * *
You feel sick.
It was a potion of resistance.
You feel protected.
* * * LOW HITPOINT WARNING * * *
You feel sick.
Your ufetubus disappears in a puff of smoke!
You feel clever.
o - a +3 ring of intelligence (right hand)
* * * LOW HITPOINT WARNING * * *
You feel sick.
* * * LOW HITPOINT WARNING * * *
You feel sick.
Things that are here:
a +0 whip; a +0 leather armour; an orc corpse You die...

#######.#
#.#########.# #.#
#...........# #####.#
#############
.....#.## ..###.
#.#.########
##.%...[.....
#.##...).# #.....@.##
######)## #.# #.# #.#
#<# ##'## ##.##
##...## #...#
##.....## #...#
#.......## #...#
#.........####...#####


There were no monsters in sight!

Vanquished Creatures
  A centaur skeleton (D:4)
  2 iguanas (D:4)
  2 worker ants (D:4)
  A hound skeleton (D:4)
  5 adders
  2 oozes
  2 worms (D:3)
  3 dart slugs
  4 leopard geckos
  2 orcs (D:4)
  3 giant cockroaches
  5 goblins
  A hobgoblin (D:2)
  6 kobolds
  3 quokkas
  A ball python (D:4)
  9 bats
  5 frilled lizards
  A leopard gecko skeleton (D:2)
  A quokka skeleton (D:4)
  4 rats (D:2)
63 creatures vanquished.

Vanquished Creatures (collateral kills)
  An orc wizard (D:4)
  An orc (D:4)
2 creatures vanquished.

Grand Total: 65 creatures vanquished

Notes
Turn   | Place    | Note
-------+----------+-------------------------------------------
     0 | D:1      | Agosen the Demonspawn Berserker began the quest for the
                  | Orb.
     0 | D:1      | Reached XP level 1. HP: 18/18 MP: 1/1
   250 | D:1      | Gained mutation: You have a pair of small horns on your
                  | head. [demonic ancestry]
   250 | D:1      | Reached XP level 2. HP: 23/24 MP: 2/2
   359 | D:1      | Reached skill level 3 in Polearms
   703 | D:2      | Gained mutation: A weak demonic guardian rushes to your
                  | aid. [demonic ancestry]
   703 | D:2      | Reached XP level 3. HP: 26/29 MP: 3/3
   924 | D:2      | Reached ** piety under Trog
   982 | D:2      | Reached XP level 4. HP: 35/35 MP: 4/4
  1464 | D:3      | Found an opulent altar of Gozag.
  2008 | D:3      | Found a bloodstained altar of Trog.
  2062 | D:4      | Noticed a bullfrog
  2063 | D:4      | Noticed PeterLawrence's ghost (novice MiFi)
  2071 | D:4      | Found a runed gate.
  2071 | D:4      | Found a runed gate.
  2071 | D:4      | Found a runed gate.
  2092 | D:4      | Gained mutation: You have a pair of horns on your head.
                  | [demonic ancestry]
  2092 | D:4      | Reached XP level 5. HP: 28/41 MP: 5/5
  2369 | D:4      | Reached skill level 4 in Polearms
  2600 | D:4      | Found a blossoming altar of Fedhas.
  2600 | D:4      | Found an ancient bone altar of Kikubaaqudgha.
  2615 | D:4      | Found a hide-covered altar of Uskayaw.
  2616 | D:4      | Found a burning altar of Makhleb.
  2617 | D:4      | Found a deep blue altar of Sif Muna.
  3331 | D:4      | Reached XP level 6. HP: 12/47 MP: 6/6
  3336 | D:4      | HP: 1/47 [poisoned by an orc wizard]
  3337 | D:4      | Succumbed to an orc wizard's poison

Vault maps used:
D:1:      dpeg_arrival_boxorama
D:2:      grunt_ministairs_2
D:3:      lightli_temple_of_fire, grunt_gozag_breadcrumbs
D:4:      grunt_temple_overflow_growth_and_decay,
          chequers_temple_overflow_statue_of_worship, first_ration,
          gammafunk_ghost_split, serial_shops, nicolae_shop_statue_plus

Skill      XL: |  1  2  3  4  5 |
---------------+----------------+-----
Polearms       | 3 4 |  4.1
Armour         | 2 3 |  3.8
Dodging        | 2 |  2.9
Fighting       | |  3.2
Stealth        | |  0.3

Action                   |  1- 3 |  4- 6 || total
-------------------------+-------+-------++-------
Melee: Spear             |   109 |   147 ||   256
       Headbutt          |    15 |    26 ||    41
  Use: Potion            |       |     4 ||     4
 Stab: Distracted        |       |     1 ||     1
  Eat: Chunk             |       |     2 ||     2
       Ration            |       |     2 ||     2
Armor: Ring mail         |    25 |     1 ||    26
       Animal skin       |     1 |       ||     1
       Plate armour      |       |    66 ||    66
Dodge: Dodged            |    50 |    33 ||    83

Table legend:
 A = Non-vault XP
 B = Vault XP
 C = Vault XP percentage of total XP
 D = Non-vault monster count
 E = Vault monster count
 F = Vault count percentage of total count
                 A         B        C        D         E       F
            +---------+---------+-------+---------+---------+-------
      Total |     377 |       4 |   1.0 |      63 |       2 |   3.1
            +---------+---------+-------+---------+---------+-------
        D:1 |      22 |       0 |   0.0 |      11 |       0 |   0.0
        D:2 |      90 |       4 |   4.3 |      23 |       2 |   8.0
        D:3 |      48 |       0 |   0.0 |      14 |       0 |   0.0
        D:4 |     217 |       0 |   0.0 |      15 |       0 |   0.0
            +---------+---------+-------+---------+---------+-------
